 Dungeon Crawl Stone Soup version 0.31.0-11-ge490571c62 (webtiles) character file.

Game seed: 16794091663307286952

48 SnakkuSnakku7 the Caller (level 3, -2/30 HPs)
             Began as a Ghoul Summoner on Jan 26, 2024.
             Killed from afar by Sigmund (10 damage)
             ... with a puff of flame
             ... on level 2 of the Dungeon.
             The game lasted 00:01:54 (1386 turns).

SnakkuSnakku7 the Caller (Ghoul Summoner)           Turns: 1386, Time: 00:01:55

Health: -2/30      AC:  3    Str: 13    XL:     3   Next: 72%
Magic:  5/5        EV: 12    Int: 14    God:
Gold:   84         SH:  0    Dex:  9    Spells: 4/5 levels left

rFire   . .          .
                       - Unarmed
rCold   + . .        (no shield)
rNeg    + + +        a - +0 robe
rPois   ∞            (no helmet)
rElec   .            c - +0 cloak
rCorr   .            (no gloves)
SInv    .            (no boots)
Will    .....        (no amulet)
Stlth   ++           (no ring)
HPRegen 0.00/turn    (no ring)
MPRegen 0.09/turn

%: no passive effects
@: attractive, inhibited regen
A: claws 1, cold resistance 1, negative energy resistance 3, inhibited
regeneration, torment resistance 2, devour on kill
a: no special abilities


You were on level 2 of the Dungeon.
You visited 1 branch of the dungeon, and saw 3 of its levels.

You collected 84 gold pieces.

Inventory:

Armour
 a - a +0 robe (worn)
 c - a +0 cloak (worn)
 i - a +0 pair of gloves
Scrolls
 d - a scroll of silence {unknown}
 f - a scroll of butterflies {unknown}
 l - a scroll of amnesia {unknown}
 m - a scroll of identify {unknown}
 n - a scroll of torment {unknown}
 o - a scroll of enchant weapon {unknown}
Potions
 b - a potion of magic
 e - a potion of attraction
 g - a potion of resistance {unknown}
 h - a potion of cancellation {unknown}
 j - a potion of might {unknown}


   Skills:
 + Level 2.3 Fighting
 - Level 1.7 Dodging
 - Level 2.1 Stealth
 + Level 2.3 Unarmed Combat
 - Level 1.7 Spellcasting
 - Level 3.6 Summonings


You had 4 spell levels left.
You knew the following spells:

 Your Spells              Type           Power      Damage    Failure   Level
a - Summon Small Mammal   Summ           44%        N/A       5%          1

Your spell library contained the following spells:

 Spells                   Type           Power      Damage    Failure   Level
 Call Imp                 Summ           22%        N/A       9%          2
 Call Canine Familiar     Summ           11%        N/A       17%         3
 Animate Armour           Summ/Erth      12%        N/A       75%         4
 Summon Blazeheart Golem  Fire/Summ      6%         N/A       75%         4
 Summon Lightning Spire   Summ/Air       6%         N/A       75%         4
 Lee's Rapid Deconstruct  Erth           0%         3d4*      100%        5


Dungeon Overview and Level Annotations

Branches:
Dungeon (3/15)

Altars:

Annotations:
D:2 Sigmund


Innate Abilities, Weirdness & Mutations

You are immune to poison.
You have sharp fingernails.
Your flesh is cold resistant. (rC+)
You are immune to negative energy. (rN+++)
You do not regenerate when monsters are visible.
You are immune to unholy pain and torment.
You thrive by killing the living.


Message History

Sigmund is lightly wounded.
Sigmund hits you with a +0 scythe.
You scratch Sigmund.
Sigmund is moderately wounded.
You claw Sigmund!
Sigmund is severely wounded.
The endoplasm jiggles.
Sigmund hits you with a +0 scythe!
You are too injured to fight recklessly!
You are too injured to fight recklessly!
You are too injured to fight recklessly!
You are too injured to fight recklessly!
You closely miss Sigmund.
Sigmund is severely wounded.
Unknown command.
You barely miss Sigmund.
Sigmund is severely wounded.
Sigmund casts a spell at you.
You are confused.
You scratch Sigmund.
Sigmund is almost dead.
Sigmund hits you with a +0 scythe!
* * * LOW HITPOINT WARNING * * *
Sigmund casts a spell at you.
You are more confused.
It was a potion of attraction.
You feel attractive to monsters.
Sigmund gestures wildly while chanting.
Sigmund flickers and vanishes!
Deactivating autopickup; reactivate with Ctrl-A.
It was a potion of curing.
You feel better.
You hear some strange, mumbled words.
A magic dart appears from out of thin air!
The magic dart hits you.
* * * LOW HITPOINT WARNING * * *
You closely miss something. Your claw misses something.
You hear some strange, mumbled words.
A puff of flame appears from out of thin air!
The puff of flame hits you!
You die...

#...†...............
#.##################
#.# #.# #.# ## #.#
######### .. #.#
#.......# ..
#.###.......# ..
#>.@'.......+ ).
###{#.......# ..
#J#.......# ..
#.#.......# ..
#.######### ..
#........# ..
..###........# ..
.........J....# ##
..............+


You could see an endoplasm.

Vanquished Creatures
  An adder (D:2)
  3 ribbon worms (D:2)
  3 ball pythons
  3 bats
  4 endoplasms
  3 giant cockroaches (D:1)
  2 goblins
  4 hobgoblins
  A kobold (D:1)
  A quokka (D:2)
  A frilled lizard (D:1)
  3 rats
29 creatures vanquished.

Notes
Turn   | Place    | Note
-------+----------+-------------------------------------------
     0 | D:1      | SnakkuSnakku7 the Ghoul Summoner began the quest for the
                  | Orb.
     0 | D:1      | Reached XP level 1. HP: 14/14 MP: 3/3
   230 | D:1      | Reached skill level 1 in Fighting
   230 | D:1      | Reached skill level 1 in Unarmed Combat
   233 | D:1      | Reached XP level 2. HP: 23/23 MP: 4/4
   947 | D:2      | Reached XP level 3. HP: 23/29 MP: 5/5
  1345 | D:2      | Noticed Sigmund
  1386 | D:2      | Killed from afar by Sigmund

Illustrated notes

Levels and vault maps discovered:
D:1:      ncdulo_lavacross, layout_basic
D:2:      layout_basic, uniq_sigmund, uniq_jessica
D:3:      layout_loops_cross, mainiacjoe_overflow_boulevard, slow_altar_1,
          serial_shops, shop_fountains

Skill      XL: |  1  2 |
---------------+-------+-----
Fighting       | 1 2 |  2.3
Unarmed Combat | 1 2 |  2.3
Dodging        | |  1.7
Stealth        | |  2.1
Spellcasting   | |  1.7
Summonings     | |  3.6

Action                     || total
---------------------------++-------
  Melee: Unarmed           ||   148
         Punch             ||     3
    Use: Potion            ||     2
   Stab: Sleeping          ||     4
 Armour: Robe              ||    68
  Dodge: Dodged            ||   106
